 Dungeon Crawl Stone Soup version 0.29.0-11-gd7f09526c8 (webtiles) character file.

Game seed: 610572297801955206

56 Bartlander the Poker (level 3, -3/31 HPs)
             Began as a Draconian Cinder Acolyte on Sept 5, 2022.
             Was a High Priest of Ignis.
             Splashed by a jelly's acid (6 damage)
             ... in a sewer.
             The game lasted 00:03:28 (1379 turns).

Bartlander the Poker (Draconian Cinder Acolyte)     Turns: 1379, Time: 00:03:29

Health: -3/31      AC: -3    Str: 16    XL:     3   Next: 69%
Magic:  4/4        EV: 11    Int: 16    God:    Ignis [*****.]
Gold:   60         SH:  0    Dex:  6    Spells: 4/4 levels left

rFire   + . .      SeeInvis .   a - -1 spear (flame)
rCold   . . .      Faith    .   (no shield)
rNeg    . . .      Spirit   .   (body armour unavailable)
rPois   .          Reflect  .   (helmet restricted)
rElec   .          Harm     .   (no cloak)
rCorr   .          Rampage  .   (no gloves)
Will    .....                   (no boots)
Stlth   +.........              (no amulet)
HPRegen 0.10/turn               (no ring)
MPRegen 0.09/turn               (no ring)

@: corroded
A: AC +5, unfitting armour, cold-blooded
a: Renounce Religion, Fiery Armour, Foxfire Swarm, Rising Flame


You were in a sewer.
You worshipped Ignis.
Ignis was extremely pleased with you.
You visited 1 branch of the dungeon, and saw 4 of its levels.
You also visited: Sewer.

You collected 60 gold pieces.

Inventory:

Hand Weapons
 a - a -1 spear of flaming (weapon)
Potions
 b - a potion of degeneration {unknown}
 c - a potion of lignification


   Skills:
 - Level 3.3 Fighting
 + Level 4.6 Polearms
 - Level 1.0 Spellcasting
 - Level 3.0 Fire Magic


You had 4 spell levels left.
You didn't know any spells.
Your spell library contained the following spells:

 Spells                   Type           Power      Damage    Failure   Level
 Scorch                   Fire           20%        2d6       10%         2


Dungeon Overview and Level Annotations

Branches:
Dungeon (4/15)              Sewer (1/1)
 Temple: D:4-7

Altars:


Innate Abilities, Weirdness & Mutations

Your plain brown scales are hard. (AC +5)
You cannot fit into any form of body armour.
You are cold-blooded and may be slowed by cold attacks.


Message History

You hit the giant cockroach. You burn the giant cockroach.
You kill the giant cockroach!
No target in view!
No target in view!
You enter the shallow water.
Moving in this stuff is going to be slow.
You enter the shallow water.
Moving in this stuff is going to be slow.
A jelly comes into view.
Found a rapier.
The jelly quivers.
A jelly is nearby!
You reach to attack!
You hit the jelly. You burn the jelly.
The jelly is heavily wounded.
You barely miss the jelly.
You tail-slap the jelly, but do no damage.
The jelly is heavily wounded.
The jelly closely misses you.
You hit the jelly. You burn the jelly.
Your hands burn!
The jelly is severely wounded.
The jelly hits you but does no damage.
You hit the jelly. You burn the jelly. The acid corrodes you!
Your hands burn!
The jelly is almost dead.
The jelly hits you.
You are splashed with acid!
You are too injured to fight recklessly!
You are too injured to fight recklessly!
You hit the jelly but do no damage.
Your hands burn!
* * * LOW HITPOINT WARNING * * *
The jelly is almost dead.
The jelly closely misses you.
You hit the jelly but do no damage.
Your hands burn!
* * * LOW HITPOINT WARNING * * *
The jelly is almost dead.
You hit the jelly but do no damage.
Your hands burn!
* * * LOW HITPOINT WARNING * * *
The jelly is almost dead.
The jelly hits you.
* * * LOW HITPOINT WARNING * * *
The acid corrodes you!
You are splashed with acid.
You die...

#.~# #..# #..# #.~#
#~.# #~.# #.~#
#~†####..# #.~#
#~~..~...# #..#
#......~~# #..#
########## #~.##
##### #..~# ##~~.##
##.†## #~~~J@#
#~~.####.~~#.~#
#..~..##).##.~####
##~.††.####...~~.##
###~.~~##.~~....~#
##.~....~###..~..
##...~.## #~~..
#~.~~## ..##
#..~~.. .#


You could see a jelly.

Vanquished Creatures
  An adder (D:3)
  A river rat (Sewer)
  3 dart slugs (D:1)
  2 ball pythons (Sewer)
  3 bats (D:1)
  3 endoplasms
  6 giant cockroaches
  2 kobolds (D:1)
  A quokka (D:1)
  5 frilled lizards
  2 goblins (D:1)
  3 rats
32 creatures vanquished.

Notes
Turn   | Place    | Note
-------+----------+-------------------------------------------
     0 | D:1      | Bartlander the Draconian Cinder Acolyte began the quest for
                  | the Orb.
     0 | D:1      | Reached XP level 1. HP: 19/19 MP: 2/2
   252 | D:1      | Reached XP level 2. HP: 23/26 MP: 3/3
   645 | D:1      | Reached skill level 4 in Polearms
   890 | D:2      | You fall into a shaft and drop 2 floors!
   901 | D:3      | Found a glowing drain.
   917 | D:3      | Reached XP level 3. HP: 29/31 MP: 4/4
   926 | Sewer    | Entered a sewer
  1379 | Sewer    | Splashed by a jelly's acid

Illustrated notes

Levels and vault maps discovered:
D:1:      lemuel_arrival_behind_the_door_large, layout_loops_ring
D:2:      layout_loops_corners, roderic_serpentine_path
D:3:      layout_rooms, grunt_temple_overflow_forces_of_nature,
          mainiacjoe_overflow_surrounded_room, gup_sewer_entry_glass,
          gammafunk_ghost_smash, chequers_serial_rivers_micro_b
D:4:      layout_basic, temple_hall, enter_ossuary_2
Sewer:    sewer_hellmonk_slimy_pipes

Skill      XL: |  1  2 |
---------------+-------+-----
Polearms       | 4 |  4.6
Fighting       | |  3.3
Spellcasting   | |  1.0
Fire Magic     | |  3.0

Action                   || total
-------------------------++-------
Melee: Spear             ||   146
       Tailslap          ||     7
       Punch             ||     1
Invok: Fiery Armour      ||     1
  Use: Scroll            ||     3
Armor: Skin              ||    36
Dodge: Dodged            ||    46
